 Dungeon Crawl Stone Soup version 0.29-a0-289-g2178c42546 (webtiles) character file.

Game seed: 18012946973353832583

107 Dabor the Skirmisher (level 4, -1/29 HPs)
             Began as a Gargoyle Fighter on Mar 17, 2022.
             Slain by an orc wizard
             ... wielding a +0 dagger
              (2 damage)
             ... on level 1 of the Dungeon.
             The game lasted 00:02:38 (2679 turns).

Dabor the Skirmisher (Gargoyle Fighter)             Turns: 2679, Time: 00:02:39

Health: -1/29      AC: 11    Str: 21    XL:     4   Next: 86%
Magic:  4/4        EV:  9    Int:  9    God:
Gold:   142        SH:  4    Dex:  9    Spells: 3/3 levels left

rFire   . . .      SeeInvis .   a - +0 flail (vorpal)
rCold   . . .      Faith    .   c - +0 buckler
rNeg    + . .      Spirit   .   b - +1 scale mail
rPois   ∞          Reflect  .   (no helmet)
rElec   +          Harm     .   (no cloak)
rCorr   .          Rampage  .   (no gloves)
Will    .....                   (no boots)
Stlth   ..........              (no amulet)
HPRegen 0.09/turn               e - ring of flight
MPRegen 0.09/turn               (no ring)

@: flying, hasted and slowed
A: sickness immunity, AC +3, negative energy resistance 1, electricity
resistance, torment resistance 1, petrification resistance
a: no special abilities


You were on level 1 of the Dungeon.
You visited 1 branch of the dungeon, and saw 3 of its levels.

You collected 142 gold pieces.

Inventory:

Hand Weapons
 a - a +0 vorpal flail (weapon)
Armour
 b - a +1 scale mail (worn)
 c - a +0 buckler (worn)
Jewellery
 e - a ring of flight (left hand)
Potions
 d - 2 potions of might
 f - 2 potions of haste
 g - a potion of curing {unknown}
 h - a potion of heal wounds {unknown}


   Skills:
 + Level 4.1 Fighting
 + Level 3.0 Maces & Flails
 + Level 4.0 Armour
 + Level 1.0 Dodging
 - Level 3.6 Shields


You had 3 spell levels left.
You didn't know any spells.
Your spell library contained the following spells:

 Spells                   Type           Power      Damage    Failure   Level
 Beastly Appendage        Tmut           0%         N/A       80%         1
 Wereblood                Tmut           0%         N/A       91%         2
 Spider Form              Tmut/Pois      0%         N/A       99%         3
 Summon Ice Beast         Ice/Summ       0%         N/A       100%        4
 Summon Mana Viper        Hex/Summ       0%         N/A       100%        5
 Monstrous Menagerie      Summ           0%         N/A       100%        7


Dungeon Overview and Level Annotations

Branches:
Dungeon (3/15)

Altars:

Annotations:
D:3 Natasha


Innate Abilities, Weirdness & Mutations

You are immune to sickness and miasma.
Your stone body is resilient. (AC +3)
You are immune to poison.
You resist negative energy. (rN+)
You are resistant to electric shocks. (rElec)
You are resistant to unholy torment.
You are immune to petrification.


Message History

Things that are here:
a +0 flail; an orc corpse
As you read the scroll labelled HUCSUHECSA, it crumbles to dust.
The creatures around you are filled with an inner flame!
It was a scroll of immolation.
Something hits you but does no damage. Something hits you but does no damage.
Natasha mumbles some strange words.
Something hits you.
* * * LOW HITPOINT WARNING * * *
Natasha wildly gestures.
Natasha's front paws start to glow.
Natasha claws you but does no damage.
The crimson imp blinks!
Something hits you but does no damage. Natasha attacks as you move away!
Natasha closely misses you.
The shadow imp grinds its teeth.
Something hits you but does no damage.
The shadow imp disappears in a puff of smoke!
Natasha casts a spell.
The crimson imp blinks!
Something hits you but does no damage. You block the crimson imp's attack.
There is a stone staircase leading up here.
Something hits you but does no damage.
The crimson imp blinks!
You fly upwards.
Reactivating autopickup.
There is a stone staircase leading down here.
You see here a +0 club.
Something hits you but does no damage.
Deactivating autopickup; reactivate with Ctrl-A.
Something hits you but does no damage. Something hits you.
* * * LOW HITPOINT WARNING * * *
There is an escape hatch in the ceiling here.
Something hits you.
* * * LOW HITPOINT WARNING * * *
A mysterious force pulls you upwards. The hatch slams shut behind you.
Reactivating autopickup.
Something hits you but does no damage.
Deactivating autopickup; reactivate with Ctrl-A.
You miss something. Something hits you.
You die...

########### #.........#
##.#######.#
#######...#### #.#
#..........@.# #.#
#.#####...##{# #.# #.#
##.###.###.# #.#
#.......#.# #.#
#.##....#.# #.#
#.##....#.## ##### #.#
#..........######....
#.#
###....................
#.#
#.......)....#########.


There were no monsters in sight!

Vanquished Creatures
  4 gnolls (D:2)
  2 adders (D:2)
  3 worms (D:2)
  2 dart slugs
  3 orcs
  2 ball pythons (D:2)
  A bat (D:2)
  5 endoplasms
  4 goblins
  2 hobgoblins
  2 quokkas (D:2)
  4 frilled lizards
  2 kobolds (D:1)
  2 rats (D:1)
38 creatures vanquished.

Notes
Turn   | Place    | Note
-------+----------+-------------------------------------------
     0 | D:1      | Dabor the Gargoyle Fighter began the quest for the Orb.
     0 | D:1      | Reached XP level 1. HP: 14/14 MP: 1/1
   274 | D:1      | Reached XP level 2. HP: 17/19 MP: 2/2
  1039 | D:2      | Reached XP level 3. HP: 17/23 MP: 3/3
  1673 | D:2      | Reached XP level 4. HP: 20/29 MP: 4/4
  2408 | D:2      | Reached skill level 1 in Dodging
  2652 | D:3      | Noticed Natasha
  2675 | D:2      | HP: 1/29 [something (3)]
  2679 | D:1      | Slain by an orc wizard

Illustrated notes

Levels and vault maps discovered:
D:1:      lightli_molten_gateway, layout_loops_ring
D:2:      layout_loops_ring
D:3:      layout_rooms, mainiacjoe_overflow_alcove_2,
          shapermc_ecumenical_altar_gd, ebering_ghost_reflecting_pool,
          uniq_natasha

Skill      XL: |  1  2  3  4 |
---------------+-------------+-----
Fighting       | 4 |  4.1
Armour         | 4 |  4.0
Dodging        | 1 |  1.0
Maces & Flails | 3 |  3.0
Shields        | |  3.6

Action                   |  1- 3 |  4- 6 || total
-------------------------+-------+-------++-------
Melee: Flail             |    91 |    40 ||   131
  Use: Scroll            |     3 |     2 ||     5
       Potion            |       |     2 ||     2
Armor: Scale mail        |    45 |    26 ||    71
Dodge: Dodged            |    33 |    31 ||    64
Block: Buckler           |    28 |    14 ||    42

Table legend: (Time is in decaauts)
 A = Elapsed time spent in this place.
 B = Non-inter-level travel time spent in this place.
 C = Inter-level travel time spent in this place.
 D = Time resting spent in this place.
 E = Time spent auto-exploring this place.
 F = Levels seen in this place.
 G = Mean time per level.
                   A        B        C        D        E       F      G
               +--------+--------+--------+--------+--------+-----+--------+
         Total |   2705 |   2580 |    125 |    239 |   1920 |   3 |  901.7 |
       Dungeon |   2705 |   2580 |    125 |    239 |   1920 |   3 |  901.7 |
               +--------+--------+--------+--------+--------+-----+--------+

Top non-repeatable levels by time:
     D:2: 1431 daAuts
     D:1: 1235 daAuts
     D:3: 38 daAuts
